cohdb
Replays
Latest Replays
All Replays
Popular Replays
Top Player Replays
Match Explorer
How It Works
Community
CoH3 Stats
Reddit
Sign in to upload your games and track your stats! →
Sign in with Steam
Match 38965810
Unlisted
Match 38965810
Overview
Messages
Build Orders
End
Panzergrenadier Squad
Selects Italian Combined Arms Battlegroup
Selects Italian Combined Arms Battlegroup
Selects Bersaglieri Squad
Bersaglieri Squad
250 Light Carrier
Bersaglieri Squad
Construct Light Support Kompanie
2.5-tonne Medical Truck
Combat Half-tracks
Fire Support Elements
Pak 38 Mechanized Group
Construct Panzerarmee Kommand
Veteran Squad Leaders
Tungsten Core Ammunition
Selects Semovente da 75/18 Assault Gun
Selects Strafing Run
Selects Vehicle Support - Secure Location
Rapid Advance
Selects Pact of Steel
Walking Stuka Rocket Launcher
Walking Stuka Rocket Launcher
Walking Stuka Rocket Launcher
Bersaglieri Squad
Scarface
Ko6a
Viktor
Voodoo408
Vin
BOP
Henerius
NigelThornberry
0
0
Comments
sign in to comment!
No comments posted yet!